 Dungeon Crawl Stone Soup version 0.25.0-10-g039870ee82 (webtiles) character file.

Game seed: 7779002452674906334

98 grindst0ne the Gusty (level 4, 0/24 HPs)
             Began as a Tengu Air Elementalist on June 22, 2020.
             Slain by Crazy Yiuf
             ... wielding a +4 quarterstaff of chaos
              (7 damage)
             ... on level 2 of the Dungeon.
             The game lasted 00:07:05 (3160 turns).

grindst0ne the Gusty (Tengu Air Elementalist)       Turns: 3160, Time: 00:07:06

Health: 0/24       AC:  4    Str:  8    XL:     4   Next: 71%
Magic:  4/9        EV: 13    Int: 17    God:
Gold:   133        SH:  0    Dex: 14    Spells: 8/9 levels left

rFire    . . .     SeeInvis .   h - +0 long sword (curse)
rCold    . . .     Gourm    .   (no shield)
rNeg     . . .     Faith    .   a - +0 robe
rPois    .         Spirit   .   m - +0 hat
rElec    .         Reflect  .   e - +0 cloak
rCorr    +         Harm     .   g - +0 pair of gloves
MR       .....                  (boots unavailable)
Stlth    +++.......             (no amulet)
HPRegen  0.08/turn              s - ring of stealth
MPRegen  0.11/turn              u - ring of resist corrosion

@: no status effects
A: beak, talons 3
a: no special abilities


You were on level 2 of the Dungeon.
You were not hungry.

You visited 1 branch of the dungeon, and saw 2 of its levels.

You collected 133 gold pieces.

Inventory:

Hand Weapons
 h - a cursed +0 long sword (weapon)
 q - a +0 short sword of venom
Missiles
 f - 32 stones (quivered)
Armour
 a - a +0 robe (worn)
 e - a +0 cloak (worn)
 g - a +0 pair of gloves (worn)
 m - a +0 hat (worn)
Jewellery
 s - a ring of stealth (left hand)
 u - a ring of resist corrosion (right hand)
Scrolls
 b - a scroll of random uselessness {unknown}
 j - a scroll of magic mapping {unknown}
 l - a scroll of noise {unknown}
 o - a scroll of amnesia {unknown}
 p - a scroll of immolation
Potions
 d - a potion of stabbing
 i - a potion of lignification {unknown}
 k - a potion of curing {unknown}
 r - a potion of resistance
 v - a potion of haste {unknown}
Comestibles
 c - 8 rations
 n - 3 chunks of flesh


   Skills:
 - Level 2.7 Dodging
 - Level 2.0 Stealth
 + Level 3.0 Spellcasting
 - Level 2.4 Conjurations
 + Level 5.3 Air Magic


You had 8 spell levels left.
You knew the following spells:

 Your Spells              Type           Power        Failure   Level  Hunger
a - Shock                 Conj/Air       ###.         3%          1    None

Your spell library contained the following spells:

 Spells                   Type           Power        Failure   Level  Hunger
 Swiftness                Chrm/Air       ##......     9%          2    ##.....
 Static Discharge         Conj/Air       ###.....     11%         3    ###....
 Airstrike                Air            ###.......   19%         4    ####...
 Lightning Bolt           Conj/Air       ###.......   69%         5    ######.


Dungeon Overview and Level Annotations

Branches:
Dungeon (2/15)

Altars:
Sif Muna

Annotations:
D:2 Crazy Yiuf


Innate Abilities, Weirdness & Mutations

You have a beak for a mouth.
You have claws for feet.


Message History

Crazy Yiuf is severely wounded.
Crazy Yiuf waves his quarterstaff at you.
Crazy Yiuf hits you with a +4 quarterstaff of chaos.
Crazy Yiuf burns you.
* * * LOW HITPOINT WARNING * * *
Casting: Shock (safe; 3% risk of failure)
Confirm with . or Enter, or press ? or * to list all spells.
Aiming: Shock (safe; 3% risk of failure)
Press: ? - help, Shift-Dir - straight line, f/p - Crazy Yiuf
Aim: Crazy Yiuf, wielding a +4 quarterstaff of chaos and wearing a +0 cloak (severely wounded)
The zap misses Crazy Yiuf.
Crazy Yiuf closely misses you.
Casting: Shock (safe; 3% risk of failure)
Confirm with . or Enter, or press ? or * to list all spells.
Aiming: Shock (safe; 3% risk of failure)
Press: ? - help, Shift-Dir - straight line, f/p - Crazy Yiuf
Aim: Crazy Yiuf, wielding a +4 quarterstaff of chaos and wearing a +0 cloak (severely wounded)
The zap hits Crazy Yiuf.
Crazy Yiuf is severely wounded.
Crazy Yiuf hits you with a +4 quarterstaff of chaos!
You die...

#.# #........#
##.###.#.###..#
##...##.#># ####
##.........#
###......###.# .........#
#.##### ###
###......###).#..##
###..)#
##..............####.'...#
##..........g@..#.g##...#
####.#......#...#.### ###
#....#......#######
#.####......#
##.##........####
#########
##...#.#....[....#
#.......#
#.###..#.<.......#
#.....#.#### .##
##.#.........#
#........... .#
#.#.........# #...........


You could see Crazy Yiuf.

Vanquished Creatures
  3 adders (D:2)
  An ooze (D:2)
  3 worms (D:2)
  2 dart slugs
  A leopard gecko (D:1)
  6 bats
  3 giant cockroaches (D:2)
  5 goblins (D:2)
  8 hobgoblins
  A quokka (D:2)
  8 frilled lizards
  9 kobolds
  5 rats
55 creatures vanquished.

Notes
Turn   | Place    | Note
-------+----------+-------------------------------------------
     0 | D:1      | grindst0ne the Tengu Air Elementalist began the quest for
                  | the Orb.
     0 | D:1      | Reached XP level 1. HP: 10/10 MP: 4/4
   248 | D:1      | Reached XP level 2. HP: 9/15 MP: 3/6
  1467 | D:2      | Reached XP level 3. HP: 18/19 MP: 0/7
  1790 | D:2      | Found a runed translucent door.
  1791 | D:2      | Noticed Crazy Yiuf
  2100 | D:2      | Reached XP level 4. HP: 24/24 MP: 1/9
  2480 | D:2      | Reached skill level 5 in Air Magic
  2725 | D:2      | Found a shimmering blue altar of Sif Muna.
  3160 | D:2      | Slain by Crazy Yiuf

Illustrated notes

Levels and vault maps discovered:
D:1:      beargit_arrival_greenhouse, layout_basic, serial_forest,
          infiniplex_forest_clump_C, infiniplex_forest_clump_tiny,
          infiniplex_forest_lined_ring, infiniplex_forest_lined_4_way,
          minmay_tree_intersection, minmay_pentomino_r2
D:2:      layout_loops_ring, lemuel_blue_sif_altar, minmay_between,
          uniq_crazy_yiuf_cottage

Skill      XL: |  1  2  3  4 |
---------------+-------------+-----
Conjurations   | 2 |  2.4
Air Magic      | 5 |  5.3
Spellcasting   | 3 |  3.0
Dodging        | |  2.7
Stealth        | |  2.0

Action                   |  1- 3 |  4- 6 || total
-------------------------+-------+-------++-------
Melee: Unarmed           |    13 |       ||    13
       Peck              |     1 |     1 ||     2
       Kick              |     2 |     2 ||     4
       Long sword        |       |     5 ||     5
Throw: Stone             |       |    17 ||    17
 Cast: Shock             |    68 |    50 ||   118
  Use: Scroll            |       |     3 ||     3
  Eat: Chunk             |     4 |     4 ||     8
Armor: Robe              |     8 |     2 ||    10
Dodge: Dodged            |    20 |     4 ||    24
       Rpst.: Long sword |     1 |     2 ||     3
